 Dungeon Crawl Stone Soup version 0.17.2 (webtiles) character file.

20698 Goblin1989 the Basher (level 12, -4/97 HPs)
             Began as a Demonspawn Gladiator on July 16, 2016.
             Was a Priest of Ru.
             Slain by Urug
             ... wielding a +2 long sword of slicing
              (10 damage)
             ... on level 1 of the Orcish Mines.
             The game lasted 01:38:36 (17861 turns).

Goblin1989 the Basher (Demonspawn Gladiator)       Turns: 17861, Time: 01:38:37

Health: -4/97      AC: 16    Str: 21    XL:     12   Next: 47%
Magic:  12/12      EV:  5    Int:  9    God:    Ru [***...]
Gold:   617        SH:  0    Dex: 14    Spells: 2 memorised, 2 levels left

rFire  + + .     SeeInvis .     a - +0 flail
rCold  . . .     Clarity  .     P - +0 plate armour
rNeg   . . .     SustAt   .     (no shield)
rPois  +         Gourm    .     U - +2 helmet
rElec  +         Spirit   .     N - +0 cloak
rCorr  .         Warding  .     (no gloves)
rMut   +         Stasis   .     v - +0 pair of boots
MR     .....                    g - amulet of resist mutation
Stlth  ..........               W - ring of poison resistance
                                k - ring of protection from fire

@: very heavily drained, not resistant to hostile enchantments, extremely
unstealthy
A: claws 2, thin metallic scales 3, fire resistance 1, powered by death 1, no
stealth, hated by all, no earth magic, no translocations magic, no
transmutations magic, vulnerability to harm 1
a: Draw Out Power, Renounce Religion


You were on level 1 of the Orcish Mines.
You worshipped Ru.
Ru was most pleased with you.
You were hungry.

You visited 3 branches of the dungeon, and saw 16 of its levels.
You also visited: Sewer.

You collected 1096 gold pieces.
You spent 479 gold pieces at shops.

Inventory:

Hand Weapons
 a - a +0 flail (weapon)
 b - a +3 blowgun
Missiles
 i - 2 needles of slowing
 B - 77 poisoned needles
 Z - 5 curare-tipped needles
Armour
 v - a +0 pair of boots (worn)
 N - a +0 cloak (worn)
 P - a +0 plate armour (worn)
 U - a +2 helmet (worn)
Jewellery
 d - an uncursed ring of ice
 g - an amulet of resist mutation (around neck)
 k - a ring of protection from fire (left claw)
 l - an uncursed ring of protection from cold
 W - a ring of poison resistance (right claw)
Wands
 G - a wand of heal wounds (0)
 L - a wand of heal wounds (2)
 M - a wand of disintegration (3)
 Q - a wand of digging (5)
Scrolls
 c - a scroll of vulnerability {unknown}
 f - 10 scrolls of remove curse
 h - 2 scrolls of enchant armour {unknown}
 m - a scroll of recharging
 o - 2 scrolls of noise {unknown}
 p - a scroll of random uselessness {unknown}
 y - 5 scrolls of amnesia {unknown}
 C - a scroll of magic mapping {unknown}
 F - a scroll of summoning {unknown}
 I - a scroll of immolation {unknown}
 J - a scroll of silence {unknown}
 O - 3 scrolls of fear {unknown}
 X - 2 scrolls of fog {unknown}
Potions
 q - a potion of ambrosia
 s - 2 potions of cancellation
 w - 3 potions of flight
 A - a potion of curing
 H - 3 potions of lignification
 V - 2 potions of brilliance
Comestibles
 e - 10 bread rations
 j - 3 chunks of flesh
 n - 2 meat rations
 t - 6 fruits
 T - 9 beef jerkies


   Skills:
 - Level 10.0(0.0) Fighting
 - Level 11.7(0.0) Maces & Flails
 - Level 1.7(0.0) Throwing
 * Level 10.1(0.0) Armour
 + Level 4.1(0.0) Dodging
 * Level 6.7(0.0) Unarmed Combat


You had 2 spell levels left.
You knew the following spells:

 Your Spells              Type           Power        Failure   Level  Hunger
a - Regeneration          Chrm/Necr      #.........   100%        3    ####...
b - Haste                 Chrm           #.......     100%        6    #######


Dungeon Overview and Level Annotations

Branches:
Dungeon (11/15)            Temple (0/1) D:6            Lair (4/8) D:10
 Shoals (0/4) Lair:3          Orc (1/4) D:9
  Snake: Lair:3-6    Spider: Lair:3-6

Altars:
Ashenzari
Okawaru
Ru
Trog
Vehumet
Zin

Shops:
D:10 *   D:11 [*%}*

Annotations:
D:7 Gastronok; Thomus's ghost, novice HOFi
D:9 Maurice; Thomus's ghost, novice HOFi
Lair:1 exclusion: oklob plant
Lair:3 Nergalle
Orc:1 Urug


Innate Abilities, Weirdness & Mutations

You have very sharp fingernails.
You are completely covered in thin metallic scales (AC +4, rElec).
Your flesh is heat resistant.
You regenerate a little health from kills.
You cannot be stealthy.
You are hated by all.
You cannot study or cast Earth magic.
You cannot study or cast Translocations magic.
You cannot study or cast Transmutations magic.
You take slightly more damage. (-3 AC)


Message History

Urug is stunned by your will and fails to attack.
Urug closely misses you.
You hit Urug but do no damage.
Urug is heavily wounded.
Urug screams, "Your bloody kin took my one good eye.
Now you die, harpy!"
Urug hits you with a long sword of slicing.
* * * LOW HITPOINT WARNING * * *
x2 You hit Urug but do no damage.
Urug is heavily wounded.
Urug hits you but does no damage.
You closely miss Urug.
Urug is heavily wounded.
You feel a little less agile now.
Urug hits you with a long sword of slicing.
* * * LOW HITPOINT WARNING * * *
x2 You focus your will and illuminate Urug in retribution!
You sock Urug!
Urug is heavily wounded.
Urug hits you with a long sword of slicing!
You die...

#....)))..## ##
..........# ## #.##
)......†.## ##.#...
....#..#.## #...#.##
......)...####......#
......##....##.....##
.#....#.#.###..._...#
..#......## ##..(..#.##
.###....## ##.@.....# ##
##...## ##)o........
###.#.####†.).#......
##.##....#.....##.....
###....#)...............
#.#....)(...............
).(.....)...............
#.#>.##.).#....>........
###...#.......(.......


You could see Urug.

Vanquished Creatures
  A hydra (Lair:1)
  Fannar (D:10)
  Harold (D:10)
  Sonja (Lair:1)
  An unseen horror (D:11)
  A hill giant (D:10)
  A manticore (D:11)
  2 black mambas (Lair:2)
  A siren (Lair:3)
  4 komodo dragons
  8 spiny frogs
  2 merfolk (Lair:3)
  A troll (D:9)
  A wraith (D:11)
  2 steam dragons
  7 yaks
  2 basilisks
  6 hippogriffs
  A hungry ghost (D:7)
  6 wolves (Lair:3)
  6 porcupines
  5 water moccasins
  A slave (D:9)
  8 orc warriors
  3 sky beasts
  2 ice beasts
  3 wasps
  A black bear (D:7)
  2 necrophages
  4 centaurs
  6 ogres
  2 phantoms
  9 crocodiles
  3 big kobolds
  8 giant frogs
  A wyvern skeleton (D:10)
  5 scorpions
  12 killer bees
  An electric eel (Lair:2)
  5 crimson imps
  2 quasits
  A centaur zombie (D:5)
  3 jellies
  7 hounds
  8 orc priests
  A centaur skeleton (D:10)
  5 iguanas
  11 orc wizards
  Jessica (D:2)
  Terence (D:3)
  5 worker ants
  A hound skeleton (D:7)
  A worker ant zombie (D:6)
  Robin (D:4)
  15 adders
  A gnoll (D:4)
  24 river rats
  3 oozes
  An adder zombie (D:9)
  3 worms
  2 adder skeletons
  4 giant geckos
  70 orcs
  7 ball pythons
  22 goblins
  11 hobgoblins
  6 jackals (D:2)
  4 quokkas
  5 bats
  11 giant cockroaches
  A giant gecko skeleton (D:7)
  6 giant newts
  39 kobolds
  24 rats
  A plant (Lair:1)
445 creatures vanquished.

Vanquished Creatures (others)
  A hydra (Lair:1)
  An ogre (Orc:1)
  An orc wizard (Orc:1)
  An orc (Orc:1)
  A kobold (D:9)
  4 plants
9 creatures vanquished.

Grand Total: 454 creatures vanquished

Notes
Turn   | Place    | Note
--------------------------------------------------------------
     0 | D:1      | Goblin1989 the Demonspawn Gladiator began the quest for the Orb.
     0 | D:1      | Reached XP level 1. HP: 16/16 MP: 1/1
    43 | D:1      | Reached skill level 3 in Maces & Flails
   283 | D:1      | Gained mutation: You regenerate a little health from kills. [demonic ancestry]
   283 | D:1      | Reached XP level 2. HP: 13/22 MP: 2/2
   965 | D:2      | Gained mutation: You are partially covered in thin metallic scales (AC +2). [demonic ancestry]
   965 | D:2      | Reached XP level 3. HP: 19/27 MP: 3/3
   993 | D:2      | Reached skill level 4 in Maces & Flails
  1022 | D:2      | Found a glowing silver altar of Zin.
  1104 | D:2      | Noticed Jessica
  1131 | D:2      | Killed Jessica
  1131 | D:2      | Reached XP level 4. HP: 24/33 MP: 4/4
  1247 | D:2      | Reached skill level 5 in Maces & Flails
  1653 | D:3      | Reached XP level 5. HP: 34/38 MP: 5/5
  1736 | D:3      | Found a glowing drain.
  1776 | Sewer    | Entered a sewer
  2048 | Sewer    | Reached skill level 6 in Maces & Flails
  2081 | Sewer    | Reached XP level 6. HP: 44/44 MP: 6/6
  2701 | D:3      | Noticed Terence
  2726 | D:3      | Killed Terence
  2767 | D:3      | Found a sacrificial altar of Ru.
  2772 | D:3      | Became a worshipper of Ru the Awakened
  3070 | D:4      | Noticed Robin
  3078 | D:4      | Killed Robin
  3078 | D:4      | Reached skill level 7 in Maces & Flails
  3198 | D:4      | Gained mutation: You are mostly covered in thin metallic scales (AC +3). [demonic ancestry]
  3198 | D:4      | Reached XP level 7. HP: 23/50 MP: 7/7
  3901 | D:5      | Entered Level 5 of the Dungeon
  3926 | D:5      | Reached skill level 8 in Maces & Flails
  4375 | D:5      | Got a polished rapier
  4376 | D:5      | Identified the +5 rapier "Keraqeonk" {pierce, rElec MR+ SInv} (You found it on level 5 of the Dungeon)
  4398 | D:5      | Found a sacrificial altar of Ru.
  4398 | D:5      | Found an iron altar of Okawaru.
  4881 | D:6      | Reached skill level 9 in Maces & Flails
  4881 | D:6      | Gained mutation: You have sharp fingernails. [demonic ancestry]
  4881 | D:6      | Reached XP level 8. HP: 53/56 MP: 8/8
  4981 | D:6      | Got a brightly glowing war axe
  4982 | D:6      | Identified the cursed +0 war axe of Isasoak {venom, MP+9 SInv} (You found it on level 6 of the Dungeon)
  4990 | D:6      | Found a staircase to the Ecumenical Temple.
  5184 | D:6      | Reached skill level 1 in Armour
  5715 | D:7      | Reached skill level 10 in Maces & Flails
  6188 | D:7      | Identified a +0 rod of destruction (11/11) (You found it on level 7 of the Dungeon)
  6278 | D:7      | Gained mutation: You have very sharp fingernails. [demonic ancestry]
  6278 | D:7      | Reached XP level 9. HP: 40/63 MP: 9/9
  6445 | D:7      | Noticed Thomus's ghost (novice HOFi)
  6619 | D:7      | Gained mutation: You are hated by all. [Ru sacrifice]
  6619 | D:7      | Reached * piety under Ru
  6903 | D:8      | Found an iron altar of Okawaru.
  7059 | D:8      | Reached skill level 11 in Maces & Flails
  7121 | D:8      | Noticed Gastronok
  7673 | D:8      | Reached skill level 5 in Fighting
  7680 | D:8      | Gained mutation: You are resistant to electric shocks. [mutagenic meat]
  7852 | D:8      | Learned a level 3 spell: Regeneration
  8039 | D:9      | Gained mutation: Your flesh is heat resistant. [demonic ancestry]
  8039 | D:9      | Reached XP level 10. HP: 6/73 MP: 10/10
  8255 | D:9      | Noticed Thomus's ghost (novice HOFi)
  8263 | D:9      | Wingboner: Кревед.
  8263 | D:9      | Goblin1989: Прив
  8263 | D:9      | Goblin1989: Мне сегодня не везет просто
  8263 | D:9      | Wingboner: Почему?
  8263 | D:9      | Goblin1989: Убил VSMo на 21 лв в шоалсах 4
  8263 | D:9      | Goblin1989: крякеном убил
  8263 | D:9      | Wingboner: Отморозком или натуральным?
  8263 | D:9      | Goblin1989: натуральным
  8263 | D:9      | Wingboner: Бида.
  8263 | D:9      | Wingboner: А я затабался дорк мулом.
  8263 | D:9      | Wingboner: !lg .
  8263 | D:9      | beem: 62. Wingboner the Conqueror (L27 MiFi), escaped with the Orb and 6 runes on 2016-05-22 17:48:32, with 3993504 points after 79206 turns and 4:04:17.
  8263 | D:9      | Wingboner: !lg casual
  8263 | D:9      | Goblin1989: у него оказывается довольно большой урон, когда он своими щупалками обвивает
  8263 | D:9      | beem: 3347. casual the Nimble (L10 CeGl of Cheibriados), slain by an eight-headed hydra skeleton on D:9 on 2016-07-13 20:28:57, with 4566 points after 9842 turns and 0:15:45.
  8263 | D:9      | Wingboner: Дык понятно.
  8263 | D:9      | Wingboner: Там от каждого щупальца атата.
  8263 | D:9      | Goblin1989: не знал :(
  8263 | D:9      | Goblin1989: а он был так хорош, так хорош
  8263 | D:9      | Goblin1989: я в волтах бегал в принципе нормально
  8263 | D:9      | Goblin1989: думаю "че мне этот крякен, если я уже волты до 4 зачистил"
  8263 | D:9      | Goblin1989: а он мне такой "да я твой дом труба шатал!"
  8263 | D:9      | Wingboner: А я двое суток работал в ударном темпе, сейчас вот закончил, догоняю что пропустил.
  8263 | D:9      | Goblin1989: а я такой "бида, умер сталкер"
  8263 | D:9      | Wingboner: Решил и заглянуть в суп.
  8263 | D:9      | Goblin1989: а чего работал?
  8263 | D:9      | Wingboner: Гриффинов знаешь?
  8263 | D:9      | Goblin1989: у меня таких запарок с января уже не было
  8263 | D:9      | Goblin1989: мульт?
  8263 | D:9      | Wingboner: Да.
  8263 | D:9      | Goblin1989: ага
  8263 | D:9      | Wingboner: Вот, по ним есть игра.
  8263 | D:9      | Goblin1989: ух ты
  8263 | D:9      | Wingboner: Я ивент из неё переводил.
  8263 | D:9      | Wingboner: 254 бакса за два дня.
  8263 | D:9      | Goblin1989: на какую платформу?
  8263 | D:9      | Wingboner: В душе не представляю. Там вроде тупая ферма.
  8263 | D:9      | Goblin1989: неплохо!
  8263 | D:9      | Wingboner: По идее браузерка.
  8263 | D:9      | Goblin1989: а я вот вчера диск себе на террабайт купил
  8263 | D:9      | Goblin1989: все данные со старого переносил целый день
  8263 | D:9      | Goblin1989: теперь дулаю, а не поменять ли мне систему на компе?
  8263 | D:9      | Wingboner: Я сейчас почти всё бабло отдаю родителям, себе где-то около 100 оставляю в месяц, но и то у китайцев разные интересные штучки закупаю.
  8263 | D:9      | Wingboner: Я десятку недавно поставил лицензионную, таки действительно очень быстрая.
  8263 | D:9      | Wingboner: Быстрее семёрки раза в четыре.
  8263 | D:9      | Goblin1989: а я на ипотеку и кредит половину трачу, остального только-только хватает на проживание
  8263 | D:9      | Goblin1989: не
  8263 | D:9      | Goblin1989: у меня малой растет
  8263 | D:9      | Goblin1989: не хочу чтобы он во всякие тупые игрушки залипал все свободное время
  8263 | D:9      | Goblin1989: я о дебиане думаю
  8263 | D:9      | Wingboner: Кек.
  8263 | D:9      | Wingboner: Вырастишь красноглазика!
  8263 | D:9      | Goblin1989: не
  8263 | D:9      | Wingboner: Или будет тупо с флешки грузиться.
  8263 | D:9      | Goblin1989: не думаю что я ему пароль от рута предоставлю
  8263 | D:9      | Goblin1989: я дебиан ставил раза два
  8263 | D:9      | Goblin1989: оба раза приходилось отказаться
  8263 | D:9      | Goblin1989: ибо мне нужен был ворд
  8263 | D:9      | Goblin1989: а опенофис не тянет
  8263 | D:9      | Wingboner: Плюсую.
  8263 | D:9      | Wingboner: У меня мелкомягкий офис тоже лицензия, для переводчика оче полезный.
  8263 | D:9      | Goblin1989: у меня документы с такой кучей функций, что переходить вообще не вариант
  8263 | D:9      | Wingboner: Кстати, в довесок за цену офиса накидали всякого говна, кое-что даже полезное.
  8263 | D:9      | Wingboner: Терабайт облака, например.
  8263 | D:9      | Goblin1989: не, я на мэйловское облако бэкапы делаю
  8263 | D:9      | Goblin1989: каждый месяц обновляю
  8263 | D:9      | Wingboner: Я полные бекапы делаю на свой же ноут, который в другой квартире, а в облако только важные.
  8263 | D:9      | Goblin1989: папки особенно важные, типа выписки пацинтов, базы данных больницы
  8263 | D:9      | Goblin1989: у меня все жесткие дома пложие были
  8263 | D:9      | Goblin1989: им лет по 6 минимум, они уже щелкают при работе
  8296 | D:9      | Goblin1989: ye? ntgthm jlby yjdsq
  8296 | D:9      | Goblin1989: ну, теперь один новый есть
  8296 | D:9      | Goblin1989: но он фиолетовый
  8322 | D:9      | Wingboner: У меня нормальные винты. Один только старый валяется, но не используется.
  8330 | D:9      | Wingboner: http://family-guy-the-quest-for-stuff.wikia.com/wiki/Family_Guy:_The_Quest_for_Stuff_Wiki
  8338 | D:9      | Wingboner: Во, нашёл эту игру.
  8342 | D:9      | Wingboner: Точнее, вики по ней.
  8342 | D:9      | Goblin1989: Да лучше кроула все равно ничего еще не придумали
  8342 | D:9      | Goblin1989: я раньше лет 6 или 7 играл в диабло 2
  8342 | D:9      | Wingboner: Ууу, я тоже много играл, и в моды всякие.
  8342 | D:9      | Goblin1989: не, я без модов некроманта задрачивал
  8342 | D:9      | Goblin1989: еще в арканум много играл
  8342 | D:9      | Goblin1989: больше ни во что не играл
  8342 | D:9      | Goblin1989: оно мне все не понравилось
  8398 | D:9      | Wingboner: Я очень много читаю. А когда играю — 99% времени либо в суп, либо в старкрафт.
  8398 | D:9      | Goblin1989: я последнее время мало читаю.
  8398 | D:9      | Goblin1989: надоело
  8398 | D:9      | Wingboner: А мне доставляет.
  8398 | D:9      | Goblin1989: да и не могу ничего нормального найти
  8398 | D:9      | Wingboner: А тебе что нравится?
  8398 | D:9      | Goblin1989: фэнтези я давно уже не читаю
  8398 | D:9      | Wingboner: Может, я посоветую.
  8398 | D:9      | Goblin1989: современную прозу стараюсть искать
  8398 | D:9      | Goblin1989: недавно прочел две книги Акунина про Фандорина
  8398 | D:9      | Goblin1989: Турецкий гамбит понравился
  8398 | D:9      | Goblin1989: а, не две
  8398 | D:9      | Goblin1989: там еще книга про то как он на корабле расследование вел была и смерть ахилеса
  8398 | D:9      | Goblin1989: четыре получается
  8398 | D:9      | Wingboner: Хм... Это с моими вкусами достаточно хреново пересекается. Я предпочитаю фантастику, немного фентези, понину.
  8398 | D:9      | Goblin1989: ну фэнтези сейчас мало качественного найти можно
  8398 | D:9      | Wingboner: О, Розова читал? Утопическая социальная фантастика ближнего прицела.
  8398 | D:9      | Goblin1989: я все книга Пехова перечитал
  8398 | D:9      | Goblin1989: Надо глянуть
  8398 | D:9      | Goblin1989: че там у него стоящее есть?
  8398 | D:9      | Goblin1989: А ты Хобб Робин читал?
  8398 | D:9      | Goblin1989: Всталяет
  8398 | D:9      | Goblin1989: немного нудновато, но когда втянешься за уши не оторвать
  8405 | D:9      | Wingboner: У него ОГРОМЕННАЯ серия, ты в ней на год заблудишься. И есть маленький текстик, вроде как экспозиция, по которому можно заценить, о чём это вообще.
  8405 | D:9      | Wingboner: http://flibusta.is/b/327164
  8416 | D:9      | Wingboner: Если понравится, то там дальше по серии очень долго можно читать.
  8416 | D:9      | Goblin1989: ок, заценюж позже
  8416 | D:9      | Wingboner: Нет, не сталкивался, отметил себе, попробую.
  8416 | D:9      | Wingboner: Ты только на русском читаешь?
  8416 | D:9      | Goblin1989: сейчас через мобилку сижу, инет лимитированный
  8416 | D:9      | Goblin1989: а я уже больше половины на ютюб потратил
  8426 | D:9      | Wingboner: Хехе. У меня как раз ночью закончились деньги на мобильных интернетах.
  8428 | D:9      | Wingboner: Жду, пока откроется ближайший магазин, где можно закинуть денег.
  8431 | D:9      | Wingboner: А то я сразу сотню тогда бросил, и не обратил внимание, что заканчивается.
  8431 | D:9      | Goblin1989: я тут кстати месяца полтора назад направление в китайский институт какой-то девушке оформлял
  8431 | D:9      | Goblin1989: она тоже на переводчика учится
  8431 | D:9      | Goblin1989: ппц там замутки были
  8431 | D:9      | Goblin1989: ниче, справился
  8431 | D:9      | Wingboner: Ты кто по профессии?
  8431 | D:9      | Goblin1989: это при том что я английский не знаю, лол
  8431 | D:9      | Goblin1989: врач
  8431 | D:9      | Goblin1989: точнее фельдшер
  8431 | D:9      | Wingboner: Интересно.
  8431 | D:9      | Goblin1989: но работаю за терапаевта вполне успешно
  8431 | D:9      | Wingboner: >фельдшер, это как терапевт, только гигапевт
  8431 | D:9      | Goblin1989: ъдаже поллучше нашего терапевта, что в поликлинике сидит
  8431 | D:9      | Goblin1989: фельдшер без высшего образования просто
  8431 | D:9      | Wingboner: Ну по сути тут в 99% случаев решает не образование, а опыт.
  8431 | D:9      | Goblin1989: ага
  8431 | D:9      | Goblin1989: меня стазу после техникума в стационар пихнули
  8431 | D:9      | Wingboner: Кроме случаев, когда что-то крайне редкое. Типа, как в той истории: "Температура, озноб — грипп. Температура, озноб — грипп. Температура, озноб — малярия, труп."
  8431 | D:9      | Goblin1989: я первые года два постоянно звонил уским специалистам
  8431 | D:9      | Goblin1989: а чтобы малярию не пропустить с пациентами нужно общаться, а не температура-грипп
  8431 | D:9      | Goblin1989: я дотошный
  8431 | D:9      | Wingboner: У меня вот образования профильного переводческого нет, но я много читаю, как на русском, так и на английском, и гайды гуглить умею. Так что меня заказчики в избранное добавляют, и рейтинг 9.9/10
  8431 | D:9      | Goblin1989: ко мне на прем с венерическими облячками лучше не приходить
  8431 | D:9      | Wingboner: Кек. Всю сеть вскроешь?
  8431 | D:9      | Goblin1989: агась
  8431 | D:9      | Goblin1989: я раньше хотел каким-нибудь эникеем работать устроиться, если честно
  8431 | D:9      | Wingboner: Вспомнилось, как Ржевский спрашивал у своего денщика, откуда у него взялось по пьяни малиновое зёрнышко во рту, вроде ж на балу был, малину не жрал.
  8431 | D:9      | Goblin1989: но женился и взял ипотеку
  8431 | D:9      | Wingboner: >- Значица так, господин поручик. Вы вчера в конце бала целовались взасос с Наташей Ростовой, которая до этого брала в рот у князя Андрея, который перед этим выебал своего денщика за то, что он сожрал банку малинового варенья в обед и обосрал весь князев туалет.
  8431 | D:9      | Goblin1989: лол
  8542 | D:9      | Found a staircase to the Orcish Mines.
  8548 | D:9      | Wingboner: Я до этого кем только не работал. Но нашёл место, куда меня взяли переводчиком не по документам, а по тестам. Им реально понравилось качество, и вот. Пашу тут.
  8548 | D:9      | Goblin1989: да я еще скорее сменю профессию
  8548 | D:9      | Goblin1989: чет надоедатьб начинает
  8548 | D:9      | Wingboner: Или устроишься в частную контору, если реально крут.
  8548 | D:9      | Goblin1989: прижимают со всех сторон
  8548 | D:9      | Wingboner: С нормальным множителем бабла.
  8548 | D:9      | Goblin1989: проверки по три раза в год
  8548 | D:9      | Goblin1989: ну как
  8548 | D:9      | Goblin1989: не всегда сперва работа дает большие доходы с самого начала
  8548 | D:9      | Goblin1989: нужно научиться работать, чтобы не стыдно было брать деньги за свои знания
  8560 | D:9      | Wingboner: Это понятно, но в основном когда ещё опыта нет. Когда есть, цену себе знаешь, то уже нормально сразу можно устраиваться.
  8574 | D:9      | Found a shattered altar of Ashenzari.
  8583 | D:9      | Goblin1989: если я работу буду менять, я уйду из медицины раз и навсегда
  8583 | D:9      | Goblin1989: если что-то менять, то не возвращаться к этому уже потом
  8583 | D:9      | Wingboner: Почему так? Как раз же наоборот, можно найти медицину, но с условиями раз в пять лучше.
  8583 | D:9      | Wingboner: Потому что опыт уже есть.
  8583 | D:9      | Goblin1989: а я уже свой потолок нащупал
  8583 | D:9      | Goblin1989: меня больше нигде терапевтом не возьмут, а медсестричкой я уже тоже поработал, когда подработки брал
  8583 | D:9      | Goblin1989: у нас начальник есть
  8583 | D:9      | Wingboner: Ну, потолок это дело такое. Вдруг пойдёшь, как один мой знакомый, туристам медосмотры делать перед погружением.
  8583 | D:9      | Goblin1989: он поработал-поработал у нас, не понравилось ему
  8583 | D:9      | Goblin1989: ушел на другую работу
  8583 | D:9      | Goblin1989: через год вернулся
  8583 | D:9      | Goblin1989: и теперь раз в неделю стабильно пишет заявление об уходе, а потом его забирает
  8583 | D:9      | Wingboner: Кек.
  8645 | D:10     | Entered Level 10 of the Dungeon
  8701 | D:10     | Noticed a hill giant
  8708 | D:10     | Gained mutation: You cannot be stealthy. [Ru sacrifice]
  8726 | D:10     | Wingboner: Я в магазине лифтёром работал, когда другого варианта не было, а потом лифт накрылся, и всю херь надо было на руках без лифта таскать. Через неделю свалил, потом они починили, но вакансия до сих пор есть, а времени дофига прошло. Приглашают.
  8726 | D:10     | Wingboner: Я тогда даже сам им нашёл замену, чтоб не отрабатывать две недели.
  8726 | D:10     | Wingboner: Но замена потом свалил.
  8727 | D:10     | Wingboner: Подсиди начальника и займи его место!
  8727 | D:10     | Wingboner: Он же всё равно заяву пишет.
  8727 | D:10     | Goblin1989: не возьмут
  8727 | D:10     | Goblin1989: вышки-то нет
  8727 | D:10     | Goblin1989: давно уже был бы заведующим
  8729 | D:10     | Wingboner: Бида. На заочку никак?
  8729 | D:10     | Goblin1989: неа
  8729 | D:10     | Goblin1989: у нас только очно
  8729 | D:10     | Goblin1989: лет 7 минимум
  8735 | D:10     | Killed a hill giant
  8735 | D:10     | Reached skill level 5 in Armour
  8735 | D:10     | Reached skill level 1 in Unarmed Combat
  8736 | D:10     | Wingboner: Сурово. А купить?
  8741 | D:10     | Noticed Fannar
  8742 | D:10     | Wingboner: Если тебе всё равно чисто для галочки.
  8742 | D:10     | Goblin1989: так мне исчезнуть лет на 7 все-равно куда-то нужно тогда
  8742 | D:10     | Goblin1989: не получаетсяя
  8742 | D:10     | Goblin1989: все обдумано давным-давно
  8742 | D:10     | Wingboner: Пичаль. Мне проще тем что рейтинг на бирже и ачивки там же за документ вполне канают.
  8742 | D:10     | Goblin1989: вот я и думаю вышку техническую какую-нибудь получать когда с одним кредитом расчиаюсь
  8743 | D:10     | Wingboner: Я собираюсь испанский учить, как родителям достаточно денег отдам, чтоб у меня свободные появились.
  8776 | D:10     | Wingboner: Потому что испанский почти как английский распространённый, на нём тоже бабло фармить хорошо.
  8783 | D:10     | Wingboner: Почти вся Южная Америка это испанский.
  8786 | D:10     | Killed Fannar
  8787 | D:10     | Goblin1989: фуух
  8787 | D:10     | Goblin1989: гребанный фаннар
  8787 | D:10     | Wingboner: Выпилил фонарь!
  8787 | D:10     | Goblin1989: еле убил
  8787 | D:10     | Goblin1989: так я бафнутый по полной был
  8787 | D:10     | Goblin1989: майт, агил
  8787 | D:10     | Wingboner: Меня приглашали кодером работать, но я так посмотрел... Там учить много, переводчиком в разы проще, и занятость по времени меньше.
  8787 | D:10     | Wingboner: По сути кодером зарплата в два раза больше, а затраты времени в месяц больше раза в четыре.
  8787 | D:10     | Goblin1989: так тыпереводишь игры, а что еще?
  8787 | D:10     | Wingboner: Всё.
  8797 | D:10     | Goblin1989: Книга, журналы?
  8797 | D:10     | Wingboner: Анкеты на сайтах знакомств, игры, отчёты кураторов в коррекционных школах, рекламу...
  8797 | D:10     | Goblin1989: фильмы?
  8958 | D:10     | Wingboner: Были субтитры к роликам на ютубе.
  9044 | D:10     | Goblin1989: вспомнилась книга
  9044 | D:10     | Goblin1989: Искренне ваш, Шурик. Автор Улицкая
  9044 | D:10     | Goblin1989: про переводчика
  9044 | D:10     | Wingboner: Не слышал, надо глянуть.
  9044 | D:10     | Goblin1989: забавная книжечка такая
  9167 | D:10     | Noticed Harold
  9168 | D:10     | Wingboner: > Здесь в отзывах называют роман "нежнейший тончайший эротичный"... Ну не знаю, что может быть эротичного в сексе со старухами и инвалидами...
  9169 | D:10     | Wingboner: ЛОЛШТО
  9171 | D:10     | Goblin1989: да
  9171 | D:10     | Goblin1989: он ебал всяких там
  9171 | D:10     | Goblin1989: маменькин сынок
  9171 | D:10     | Goblin1989: потерял девственность с какой-то позершей
  9171 | D:10     | Goblin1989: а потом занимался со всеми подряд, кого жалел
  9171 | D:10     | Goblin1989: ну это по сравнению с поздним Харуки Мураками еще цветочки
  9171 | D:10     | Goblin1989: тот вообще сумасшедший
  9171 | D:10     | Goblin1989: че так\м у него такое есть
  9171 | D:10     | Goblin1989: о!
  9171 | D:10     | Goblin1989: Кафка на пляже!
  9171 | D:10     | Goblin1989: там сын занимался сексом со своей матерью
  9171 | D:10     | Wingboner: Ради интереса глянул, какие пять последних переводов были у меня. Игра, техподдержка магазина, подпись к няшному котику в инстаграмме (кстати, о японцах, как раз перевод с японского на английский, а я дальше с английского на русский), техподдержка хасбро, аннотация к каталогу декоративных растений.
  9171 | D:10     | Goblin1989: да, действительно все подряд
  9182 | D:10     | Wingboner: Ну да, мне сугубо пофиг, главное чтоб платили. 5.40 за текст общей тематики, в два раза больше за экспертный. У меня подтверждены категории эксперта по играм, IT, рекламе.
  9183 | D:10     | Wingboner: *5.40 за 100 слов
  9183 | D:10     | Goblin1989: неплохо
  9183 | D:10     | Wingboner: По медицине мне кидали на заценить, но я не осилил. Там жесть сраная.
  9183 | D:10     | Goblin1989: ну
  9183 | D:10     | Goblin1989: у нас терминов дофига
  9183 | D:10     | Wingboner: Ну да. Я не сразу понял, что BP надо переводить как АД...
  9194 | D:10     | Wingboner: Финансы я тоже пробовал, не стал брать. У нас просто дедлайны очень строгие, я такое просто не успею за то время, которое даётся.
  9197 | D:10     | Killed Harold
  9264 | D:10     | Wingboner: Решил, что лучше прокачать испанский, и в своих экспертных областях добавить ещё один язык, больше профита будет.
  9269 | D:10     | Goblin1989: а как изучать будешь?
  9269 | D:10     | Wingboner: А ты вот про цветочки говоришь... Кровь электрическую читал?
  9269 | D:10     | Wingboner: Личный репетитор.
  9269 | D:10     | Goblin1989: хм
  9269 | D:10     | Wingboner: Я так английский учил, результат нравится.
  9354 | D:10     | Gained mutation: You tend to lose your temper in combat. [mutagenic meat]
  9359 | D:10     | Lost mutation: You tend to lose your temper in combat. [potion of cure mutation]
  9359 | D:10     | Lost mutation: You are resistant to electric shocks. [potion of cure mutation]
  9383 | D:10     | Wingboner: Я собираюсь попробовать обратиться к учительнице, которая когда-то мне в школе преподавала испанский, он у нас был недолго, пару лет.
  9384 | D:10     | Wingboner: Может, ей польстит, что я собираюсь продолжать, притом у неё, и качественнее будет.
  9384 | D:10     | Wingboner: Она в Испанию ездила с учениками, так что язык у неё точно ОК.
  9384 | D:10     | Goblin1989: хочыешь сыграть на тщеславии? неплохой ход. )))
  9384 | D:10     | Wingboner: Сейчас она дропнула ту школу и в каком-то йоба-центре преподаёт.
  9384 | D:10     | Wingboner: Ну дык.
  9384 | D:10     | Wingboner: Мну хитрый.
  9451 | D:10     | Found Biegixebas's Assorted Antiques.
  9457 | D:10     | Wingboner: Мне сейчас надо пойти отхерачить кусок трубы от кондиционера, но так лень...
  9457 | D:10     | Goblin1989: зачем?
  9457 | D:10     | Wingboner: Там слишком длинная труба для сброса конденсата, загибается и получается гидрозатвор.
  9457 | D:10     | Goblin1989: аааа
  9457 | D:10     | Wingboner: Надо метр отхерачить, чтобы нормально стекал конденсат.
  9457 | D:10     | Bought a runed helmet for 130 gold pieces
  9457 | D:10     | Bought a scroll labeled YSEOBO WUTUSO for 29 gold pieces
  9457 | D:10     | Bought a scroll labeled MOONOU KERY for 29 gold pieces
  9457 | D:10     | Wingboner: Палку бери!!11
  9457 | D:10     | Bought a gold wand for 116 gold pieces
  9457 | D:10     | Wingboner: Я ж говорил.
  9457 | D:10     | Goblin1989: хорошо
  9457 | D:10     | Goblin1989: да я ее и хотел взять в принципе
  9457 | D:10     | Wingboner: Не забудь определить.
  9789 | D:10     | Found a staircase to the Lair.
  9855 | D:11     | Found Qenaleynn's Gadget Boutique.
  9882 | D:11     | Found Ysiotyod's Assorted Antiques.
  9883 | D:11     | Goblin1989: я ж любовью пожертвовал, зачем мне дека суммонинга
 10027 | D:11     | Reached XP level 11. HP: 76/86 MP: 11/11
 10213 | D:11     | Found Ceriys's General Store.
 10217 | D:11     | Found Qoush's Armour Boutique.
 10222 | D:11     | Bought a scroll of teleportation for 42 gold pieces
 10222 | D:11     | Bought a scroll of blinking for 105 gold pieces
 10222 | D:11     | Bought a scroll of identify for 28 gold pieces
 10350 | D:11     | Noticed a manticore
 10370 | D:11     | Killed a manticore
 10588 | D:11     | Killed an unseen horror
 10640 | D:11     | Found Acadur's Food Shop.
 10940 | Lair:1   | Entered Level 1 of the Lair of Beasts
 10947 | Lair:1   | Noticed Sonja
 10961 | Lair:1   | Killed Sonja
 11299 | Lair:1   | Learned a level 6 spell: Haste
 11305 | Lair:1   | Wingboner: Хех, в транке деки вообще не генерятся, кроме крааайне редких волтов.
 11305 | Lair:1   | Goblin1989: а я вот не понимаю
 11305 | Lair:1   | Wingboner: Сходил, отхерачил. На улице АД.
 11305 | Lair:1   | Goblin1989: почему дэвы постоянно что-то убирают?
 11305 | Lair:1   | Wingboner: Ублюдки патамушта.
 11305 | Lair:1   | Goblin1989: а у нас сегодня нормально
 11305 | Lair:1   | Goblin1989: всера жарко было
 11305 | Lair:1   | Goblin1989: не
 11305 | Lair:1   | Goblin1989: мне кажется это из-зи нагрузки на сервера
 11305 | Lair:1   | Wingboner: Лолнет.
 11305 | Lair:1   | Goblin1989: хотя ее же нет
 11305 | Lair:1   | Goblin1989: тогда не знаю
 11305 | Lair:1   | Wingboner: Они просто действительно считают, что так будет лучше.
 11305 | Lair:1   | Goblin1989: ну, вот перенос тяжести это нормально
 11305 | Lair:1   | Goblin1989: да ну
 11305 | Lair:1   | Goblin1989: что в 0.19 убрали, ванду дезинтегрейшена?
 11305 | Lair:1   | Goblin1989: от нее никому ни холодно, ни жарко
 11305 | Lair:1   | Wingboner: Тебе именно с 0.18 до 0.19,
 11305 | Lair:1   | Wingboner: ?
 11305 | Lair:1   | Goblin1989: да
 11305 | Lair:1   | Wingboner: Сейчас захерачу список.
 11375 | Lair:1   | Wingboner: Фикседарты: Sword of the Doom Knight, Amulet of Cekugob, and Brilliance
 11375 | Lair:1   | Wingboner: Ammo acquirement
 11375 | Lair:1   | Wingboner: The last mountain dwarf has finally been removed; please, pour one out for our dear, departed Wiglaf.
 11375 | Lair:1   | Wingboner: Nergalle can no longer enter Death’s Door.
 11375 | Lair:1   | Wingboner: Summoned monsters now vanish immediately when their summoner dies.
 11537 | Lair:1   | Wingboner: Giving orders to allies no longer makes noise, and can be done while silenced.
 11540 | Lair:1   | Wingboner: Sickness no longer has a chance of causing attribute damage.
 11556 | Lair:1   | Wingboner: Kiku no longer gives the player extra HP while under Death’s Door.
 11557 | Lair:1   | Wingboner: Good gods no longer mind the player drinking a little blood, here and there.
 11557 | Lair:1   | Wingboner: Elyvilon’s no longer even pretends to care about the player letting their allies die.
 11557 | Lair:1   | Wingboner: Stoned creatures no longer stumble.
 11557 | Lair:1   | Gained mutation: You cannot study or cast Earth magic. [Ru sacrifice]
 11557 | Lair:1   | Gained mutation: You cannot study or cast Transmutations magic. [Ru sacrifice]
 11557 | Lair:1   | Gained mutation: You cannot study or cast Translocations magic. [Ru sacrifice]
 11557 | Lair:1   | Reached ** piety under Ru
 11624 | Lair:1   | Wingboner: Cure Poison has been removed.
 11780 | Lair:1   | Wingboner: Death scarabs lost their miasma trail
 11797 | Lair:1   | Wingboner: Tzitzimitl no longer have pain or draining brands.
 11803 | Lair:1   | Wingboner: Ditto the bennu draining brand.
 12111 | Lair:1   | Wingboner: Scrolls of random uselessness can no longer create butterflies.
 12255 | Lair:1   | Noticed a seven-headed hydra
 12256 | Lair:1   | Wingboner: Yiuf’s hut now has a runed door.
 12256 | Lair:1   | Wingboner: Web traps are no longer torn & destroyed when creatures escape from them.
 12256 | Lair:1   | Goblin1989: а че там с руническими дверями?
 12256 | Lair:1   | Wingboner: It’s no longer possible to drown from Flight expiring.
 12256 | Lair:1   | Goblin1989: семиголовая гидра
 12256 | Lair:1   | Wingboner: Волт с уником закрыли на дверь.
 12256 | Lair:1   | Goblin1989: СМЕРТУШКА МОЯ ПРИШЛА
 12256 | Lair:1   | Wingboner: Lair is now six floors (-2), and Slime is now five (-1).
 12256 | Lair:1   | Wingboner: Salamander stormcallers have called their last; they are no more.
 12256 | Lair:1   | Wingboner: the stone of tremors has been removed.
 12256 | Lair:1   | Wingboner: Player-created non-opaque clouds now vanish instantly outside LOS, instead of just dissipating four times faster. — вот это ДЕБИЛЬНАЯ идея.
 12256 | Lair:1   | Wingboner: Olgreb’s Toxic Radiance does a little less damage, but no longer poisons the caster.
 12256 | Lair:1   | Wingboner: Removed cards: Dowsing, Exile, Feast, Focus, Helix, Mercenary and Xom.
 12256 | Lair:1   | Wingboner: Removed decks: changes, defense, summoning, wonders, and oddities (the one that you had a 1% chance of drawing from when using any deck). Decks can now only be found by worshiping Nemelex, or possibly from rare vaults.
 12256 | Lair:1   | Wingboner: The monster spell Control Winds (on wind drakes, spriggan air mages, and the Cloud Mage) has blown right outta town.
 12256 | Lair:1   | Wingboner: The evasion ego, and the randart blowguns that used it, are both no more.
 12256 | Lair:1   | Wingboner: Xom will no longer vitrify your surroundings. :(
 12263 | Lair:1   | Wingboner: Вот, всё.
 12263 | Lair:1   | Wingboner: А ты говоришь...
 12276 | Lair:1   | Wingboner: Стой.
 12278 | Lair:1   | Goblin1989: ?
 12278 | Lair:1   | Wingboner: Обойди кругом, подбери ту сетку, используй её.
 12278 | Lair:1   | Wingboner: Направо можно кругом обойти к сетке.
 12278 | Lair:1   | Goblin1989: хорошая дея
 12278 | Lair:1   | Goblin1989: *идея
 12288 | Lair:1   | Killed a seven-headed hydra
 12302 | Lair:1   | Wingboner: Не так же, лол. Можно было безопасно.
 12500 | Lair:1   | Wingboner: А ты под её атакой прошёл.
 12500 | Lair:1   | Goblin1989: черт
 12500 | Lair:1   | Wingboner: Ну, выжил и ладною
 12500 | Lair:1   | Goblin1989: отходить же!
 12500 | Lair:1   | Goblin1989: но
 12500 | Lair:1   | Goblin1989: у нее хп регенятся быстро
 12500 | Lair:1   | Goblin1989: тогда мог бы и не убить уже
 13065 | Lair:2   | Goblin1989: кстати
 13065 | Lair:2   | Goblin1989: я тут выяснил что бот рекорды бьет
 13065 | Lair:2   | Goblin1989: по быстрому прохождению игры
 13065 | Lair:2   | Goblin1989: за 20 минут прошел
 13104 | Lair:2   | Wingboner: Ну дык.
 13115 | Lair:2   | Wingboner: !lg . won min=time
 13115 | Lair:2   | beem: Unknown field: time
 13115 | Lair:2   | Wingboner: !lg . won min=dur
 13115 | Lair:2   | beem: 12. Wingboner the Hoplite (L27 DDFi of Makhleb), escaped with the Orb and 5 runes on 2016-05-07 00:53:54, with 3522644 points after 62004 turns and 2:54:53.
 13115 | Lair:2   | Wingboner: За 3 часа я вон пять рун вынес.
 13115 | Lair:2   | Goblin1989: они бы хоть из таблиц турнирных его убрали
 13115 | Lair:2   | Wingboner: Так ботов убирают из бота.
 13115 | Lair:2   | Goblin1989: людям играть неинтересно будет
 13115 | Lair:2   | Wingboner: !lg * min=dur
 13115 | Lair:2   | beem: 5909367. ion the Slicer (L11 DsFi of Okawaru), slain by a queen bee on D:12 on 2009-08-07 17:22:28, with 11282 points after 17153 turns and 364d+17:02:09.
 13115 | Lair:2   | Wingboner: !lg * min=dur won
 13115 | Lair:2   | beem: 44873. tstbtto the Conqueror (L27 HOBe of Trog), escaped with the Orb and 3 runes on 2015-03-01 00:05:21, with 1839953 points after 60099 turns and 0:20:31.
 13115 | Lair:2   | Goblin1989: есть
 13115 | Lair:2   | Wingboner: Хм, этого не убрали ещё.
 13115 | Lair:2   | Goblin1989: на первом месте он
 13115 | Lair:2   | Wingboner: Уберут, значит.
 13115 | Lair:2   | Goblin1989: вооот
 13382 | Lair:2   | Goblin1989: интересно, мои когти уже больше чем флейл урон наносят, или еще не снимать
 13382 | Lair:2   | Goblin1989: второго уровня уже вроде как
 13587 | Lair:2   | Noticed a four-headed hydra
 13587 | Lair:2   | Wingboner: А что у тебя со скилами?
 13587 | Lair:2   | Wingboner: Нет ещё, скорее всего.
 13587 | Lair:2   | Goblin1989: я уже до 10 мэйсы вкачал, когда когти появились
 13757 | Lair:1   | Wingboner: Случается.
 13783 | Lair:2   | Wingboner: Эх, может, пару зигов сделать...
 13784 | Lair:2   | Goblin1989: давай. )))
 13784 | Lair:2   | Wingboner: !lm casual ds x=zigscompleted
 13784 | Lair:2   | beem: 3216. [2016-07-12 13:37:42] [zigscompleted=26] casual the Farming Annihilator (L27 DsFi of Gozag) reached level 11 of a Ziggurat on turn 314040. (Zig:11)
 13784 | Lair:2   | Wingboner: 26 сделано уже.
 13784 | Lair:2   | Goblin1989: пошли к тебе
 13996 | Lair:2   | Reached skill level 10 in Fighting
 13996 | Lair:2   | Reached skill level 5 in Unarmed Combat
 14435 | Lair:1   | Killed a four-headed hydra
 14435 | Lair:1   | Gained mutation: You are completely covered in thin metallic scales (AC +4, rElec). [demonic ancestry]
 14435 | Lair:1   | Reached XP level 12. HP: 58/97 MP: 12/12
 15230 | Lair:3   | Gained mutation: You take slightly more damage. (-3 AC) [Ru sacrifice]
 15230 | Lair:3   | Reached *** piety under Ru
 15424 | Lair:3   | Found a staircase to the Shoals.
 16787 | Lair:3   | Reached skill level 10 in Armour
 16831 | Lair:4   | Noticed Nergalle
 17100 | Orc:1    | Entered Level 1 of the Orcish Mines
 17104 | Orc:1    | Noticed Maurice
 17185 | Orc:1    | Found a radiant altar of Vehumet.
 17806 | Orc:1    | Found a bloodstained altar of Trog.
 17808 | Orc:1    | Noticed Urug
 17861 | Orc:1    | Slain by Urug

Action                   |  1- 3 |  4- 6 |  7- 9 | 10-12 || total
-------------------------+-------+-------+-------+-------++-------
Melee: Flail             |   142 |   432 |   722 |  1472 ||  2768
 Fire: Blowgun           |       |       |       |     1 ||     1
Throw: Throwing net      |       |       |     2 |     7 ||     9
Invok: Reject Sacrifices |       |       |     1 |       ||     1
       Sacrifice Love    |       |       |     1 |       ||     1
       Sacrifice Stealth |       |       |       |     1 ||     1
       Sacrifice Arcana  |       |       |       |     1 ||     1
       Draw Out Power    |       |       |       |     1 ||     1
       Sacrifice Health  |       |       |       |     1 ||     1
Evoke: Rod               |       |       |     2 |       ||     2
       Wand              |       |       |    11 |    27 ||    38
  Use: Potion            |       |     1 |     1 |    22 ||    24
       Scroll            |       |       |     3 |    24 ||    27
 Stab: Held in net/web   |       |       |       |     3 ||     3
       Distracted        |       |       |       |     5 ||     5
       Invisible         |       |       |       |     6 ||     6
  Eat: Chunk             |       |     4 |    14 |    31 ||    49
       Meat ration       |       |     1 |     3 |     1 ||     5
       Fruit             |       |       |     1 |     1 ||     2
       Royal jelly       |       |       |     1 |       ||     1
       Pizza             |       |       |     1 |     2 ||     3
